 Dungeon Crawl Stone Soup version 0.17.1-2-g5865329 (webtiles) character file.

57449 Kloppie the Warrior (level 14, -3/140 HPs)
             Began as a Minotaur Berserker on Jan 13, 2016.
             Was the Champion of Trog.
             Slain by a soul eater (5 damage)
             ... summoned by an orc high priest
             ... on level 4 of the Orcish Mines.
             The game lasted 00:45:18 (24770 turns).

Kloppie the Warrior (Minotaur Berserker)           Turns: 24770, Time: 00:45:18

Health: -3/140     AC: 22    Str: 23    XL:     14   Next: 45%
Magic:  13/13      EV:  6    Int:  6    God:    Trog [******]
Gold:   2389       SH:  0    Dex: 12    Spells: 0 memorised, 13 levels left

rFire  . . .     SeeInvis .     K - +2 dire flail (drain)
rCold  . . .     Clarity  +     Q - +0 plate armour
rNeg   . . .     SustAt   .     (shield currently unavailable)
rPois  +         Gourm    .     (helmet restricted)
rElec  .         Spirit   .     b - +2 cloak
rCorr  .         Warding  .     (no gloves)
rMut   .         Stasis   .     k - +1 pair of boots
MR     +....                    S - amulet of clarity
Stlth  ..........               a - ring of poison resistance
                                y - +5 ring of protection

@: very heavily drained, somewhat resistant to hostile enchantments, extremely
unstealthy
A: retaliatory headbutt, horns 2
a: Berserk, Trog's Hand, Brothers in Arms, Burn Spellbooks, Renounce Religion


You were on level 4 of the Orcish Mines.
You worshipped Trog.
Trog was exalted by your worship.
You were not hungry.

You visited 3 branches of the dungeon, and saw 23 of its levels.
You also visited: Ossuary and Volcano.

You collected 2440 gold pieces.
You spent 51 gold pieces at shops.

Inventory:

Hand Weapons
 B - a +1 dire flail
 E - a +2 great mace of draining
 K - a +2 dire flail of draining (weapon)
Missiles
 P - 3 javelins (quivered)
Armour
 b - a +2 cloak (worn)
 k - a +1 pair of boots (worn)
 Q - a +0 plate armour (worn)
Jewellery
 a - a ring of poison resistance (right hand)
 h - an uncursed amulet of the gourmand
 y - a +5 ring of protection (left hand)
 D - an uncursed ring of invisibility
 I - an uncursed ring of ice
 O - an uncursed amulet of resist corrosion
 S - an amulet of clarity (around neck)
 U - a +4 ring of intelligence
Wands
 q - a wand of slowing (30)
 t - a wand of random effects (38)
 C - a wand of digging (18)
 H - a wand of digging (17)
 J - a wand of cold (0)
 L - a wand of digging (10)
Scrolls
 d - 4 scrolls of fear
 e - 4 scrolls of blinking
 j - 4 scrolls of identify
 n - 8 scrolls of teleportation
 p - 9 scrolls of remove curse
 G - 2 scrolls of recharging
 N - a scroll of enchant armour
 R - 3 scrolls of enchant weapon
Potions
 f - 7 potions of brilliance
 i - a potion of resistance
 m - 3 potions of flight
 s - 4 potions of curing
 u - 4 potions of might
 v - 3 potions of invisibility
 w - 3 potions of cancellation
 x - 5 potions of haste
 z - 2 potions of agility
 A - a potion of cure mutation
 F - 2 potions of mutation
 M - 2 potions of berserk rage
 T - a potion of lignification
Books
 l - a book of Conjurations

   Spells                             Type                      Level
   a - Magic Dart                     Conjuration                  1
   b - Searing Ray                    Conjuration                  2
   c - Dazzling Spray                 Conjuration/Hexes            3
   d - Fulminant Prism                Conjuration/Hexes            4
   e - Iskenderun's Mystic Blast      Conjuration                  4
   f - Iskenderun's Battlesphere      Conjuration/Charms           5
   Trog disapproves of the use of such an item.
Comestibles
 c - 12 bread rations
 g - 2 fruits
 o - 16 meat rations
 r - 9 slices of pizza
 V - a chunk of flesh


   Skills:
 + Level 17.4(5.7) Fighting
 + Level 16.6(5.1) Maces & Flails
 + Level 16.9(5.3) Armour
 - Level 2.1(0.0) Dodging


You had 13 spell levels left.
You didn't know any spells.

Dungeon Overview and Level Annotations

Branches:
Dungeon (12/15)            Temple (0/1) D:6            Lair (7/8) D:10
 Shoals (0/4) Lair:5        Snake (0/4) Lair:5        Slime (0/6) Lair:6
    Orc (4/4) D:12            Elf (0/3) Orc:4

Altars:
Elyvilon
Fedhas
Kikubaaqudgha
Nemelex Xobeh
Qazlal
Trog
Vehumet
The Shining One
Jiyva

Shops:
Orc:2 (!(*}   Orc:4 %


Innate Abilities, Weirdness & Mutations

You reflexively headbutt those who attack you in melee.
You have a pair of horns on your head.


Message History

An orc priest comes into view. It is wielding a falchion.
You closely miss the orc high priest.
The orc high priest is heavily wounded.
The orc priest shouts!
The orc knight hits you with a war axe!
* * * LOW HITPOINT WARNING * * *
The orc high priest hits you with a trident.
* * * LOW HITPOINT WARNING * * *
The red devil hits you from afar with a trident of venom!
* * * LOW HITPOINT WARNING * * *
The soul eater hits you!
* * * LOW HITPOINT WARNING * * *
You barely miss the orc high priest.
The orc high priest is heavily wounded.
The orc priest calls upon Beogh to heal the orc high priest.
The orc high priest is healed somewhat.
The orc knight hits you but does no damage.
The orc high priest hits you but does no damage.
The soul eater hits you.
You die...

#...)[o.......$
##...).........#
#......#......##
##o#....#....## ###
#......#....## ####.##
##(#.####.### ## #.....#
##(#.## ##
.###....#######.oo3.##
...#....##.#.#..@34..####
..(.(...#....)))).....#.##
...(.......#.).).........#
...........#.#..........##
......((..............##.##
.....[((..).)...##........##
.....#...)(.....##.........#
...##.....[.....###..........
........[.......##.#......###.


You could see an orc knight, a soul eater, an orc high priest, a chaos spawn, a
red devil and an orc priest (frenzied).

Vanquished Creatures
  An orc warlord (Orc:2)
  Fannar (D:12)
  3 hydras
  Erolcha (D:12)
  The ghost of riffraff the Protected, a novice MiBe of Trog (D:10)
  The ghost of Grim the Fighter, a novice DsBe of Trog (D:11)
  5 death yaks
  2 tengu warriors (D:11)
  A sun demon (Volcano)
  2 orc high priests (Orc:4)
  Sonja (Orc:4)
  4 hill giants
  A naga ritualist (Lair:5)
  Pikel (D:6)
  An unseen horror (D:12)
  A manticore (D:11)
  A griffon (Lair:3)
  An orc sorcerer (Orc:2)
  An ugly thing (D:11)
  An orc knight (Orc:4)
  A cyclops (D:12)
  5 elephants (Lair:7)
  2 sirens (Lair:5)
  8 spiny frogs
  5 black mambas
  2 molten gargoyles (Volcano)
  A torpor snail (Lair:4)
  A centaur skeleton (D:12)
  A tengu conjurer (D:11)
  A fire drake (Lair:6)
  2 red devils (Volcano)
  3 yaktaurs (D:10)
  4 komodo dragons
  2 merfolk (Lair:5)
  A troll (Orc:2)
  A slime creature (Lair:1)
  8 two-headed ogres
  5 blink frogs (Lair:4)
  12 yaks
  A wyvern (D:9)
  A fire bat (Volcano)
  3 deep elf magi
  2 hungry ghosts (D:10)
  3 vampire mosquitoes (D:12)
  6 hippogriffs
  9 wolves
  A mottled dragon (D:6)
  Edmund (D:5)
  A hell hound (Volcano)
  14 water moccasins
  3 nagas (Lair:5)
  Duvessa (D:7)
  A phantom (D:8)
  3 sky beasts
  3 soldier ants (Lair:2)
  6 ice beasts
  21 orc warriors
  16 porcupines
  A black bear (D:8)
  A wasp (D:9)
  2 necrophages
  17 crocodiles
  8 big kobolds
  7 centaurs
  29 ogres
  An elf zombie (Ossuary)
  Dowan (D:7)
  14 giant frogs
  A gnoll sergeant (D:12)
  4 killer bees (D:9)
  8 scorpions
  2 lava snakes (Volcano)
  An electric eel (Lair:4)
  6 crimson imps
  3 hounds
  A quasit (D:12)
  21 orc priests
  2 human zombies (Ossuary)
  2 centaur zombies
  7 jellies
  A giant frog skeleton (D:9)
  12 hell rats (Lair:2)
  Natasha (thrice) (D:2)
  9 iguanas
  14 worker ants
  24 orc wizards
  A killer bee zombie (D:7)
  31 sheep
  3 big kobold zombies (Ossuary)
  3 hound zombies
  A hound skeleton (D:11)
  3 mummies (Ossuary)
  Robin (D:3)
  2 worker ant zombies
  21 adders
  A gnoll (D:12)
  50 river rats
  A shadow imp (D:8)
  18 oozes (Lair:1)
  12 adder zombies
  4 worms
  5 giant geckos
  141 orcs
  A ball python (D:2)
  11 bats
  3 giant cockroaches
  11 hobgoblins
  9 jackals
  6 quokkas
  A giant gecko skeleton (D:8)
  6 giant newts
  15 goblins
  A goblin zombie (Ossuary)
  2 hobgoblin zombies (Ossuary)
  3 jackal zombies (Ossuary)
  10 kobolds
  4 kobold zombies (Ossuary)
  An orc zombie (Ossuary)
  4 quokka zombies (Ossuary)
  23 rats
  4 rat zombies (Ossuary)
  A fungus (D:10)
808 creatures vanquished.

Vanquished Creatures (collateral kills)
  Rupert (Lair:6)
  A queen ant (Lair:2)
  A spiny frog (Lair:6)
  A troll (D:12)
  2 soldier ants (Lair:2)
  2 orc warriors (Orc:2)
  3 gnoll sergeants (D:12)
  3 worker ants (Lair:2)
  3 gnolls (D:12)
  3 river rats (Lair:6)
  6 orcs
26 creatures vanquished.

Vanquished Creatures (others)
  A jelly (D:6)
  A hound zombie (D:6)
  An orc (D:6)
  6 fungi
  2 plants
11 creatures vanquished.

Grand Total: 845 creatures vanquished

Notes
Turn   | Place    | Note
--------------------------------------------------------------
     0 | D:1      | Kloppie the Minotaur Berserker began the quest for the Orb.
     0 | D:1      | Reached XP level 1. HP: 19/19 MP: 0/0
   135 | D:1      | Reached XP level 2. HP: 13/27 MP: 1/1
   505 | D:1      | Reached skill level 4 in Fighting
   626 | D:1      | Reached ** piety under Trog
   636 | D:2      | Reached XP level 3. HP: 24/33 MP: 2/2
   825 | D:2      | Noticed Natasha
   832 | D:2      | Killed Natasha
   997 | D:2      | Noticed Natasha
   999 | D:2      | Reached XP level 4. HP: 41/41 MP: 3/3
  1003 | D:2      | Killed Natasha
  1023 | D:2      | Noticed Natasha
  1032 | D:2      | Killed Natasha
  1423 | D:3      | Noticed Robin
  1427 | D:3      | Killed Robin
  1435 | D:3      | Reached *** piety under Trog
  1444 | D:3      | Reached XP level 5. HP: 36/47 MP: 4/4
  1516 | D:3      | Reached skill level 5 in Fighting
  1575 | D:3      | Reached skill level 5 in Maces & Flails
  1969 | D:4      | Noticed an ogre
  1975 | D:4      | Killed an ogre
  1975 | D:4      | Reached XP level 6. HP: 33/56 MP: 5/5
  2054 | D:4      | Reached skill level 5 in Armour
  2064 | D:4      | Found a sand-covered staircase.
  2072 | Ossuary  | Entered an ossuary
  2206 | Ossuary  | Reached skill level 6 in Maces & Flails
  2417 | Ossuary  | Reached XP level 7. HP: 58/63 MP: 6/6
  3002 | D:4      | Reached skill level 7 in Maces & Flails
  3406 | D:5      | Entered Level 5 of the Dungeon
  3420 | D:5      | Reached XP level 8. HP: 56/73 MP: 7/7
  3530 | D:5      | Found a radiant altar of Vehumet.
  3530 | D:5      | Found a stormy altar of Qazlal.
  3721 | D:5      | Reached **** piety under Trog
  3742 | D:5      | Reached skill level 8 in Maces & Flails
  3946 | D:5      | Found an ancient bone altar of Kikubaaqudgha.
  3990 | D:5      | Noticed Edmund
  4004 | D:5      | Killed Edmund
  4472 | D:6      | Reached skill level 9 in Maces & Flails
  4624 | D:6      | Noticed Pikel
  4635 | D:6      | Killed Pikel
  4635 | D:6      | Reached XP level 9. HP: 64/83 MP: 8/8
  4805 | D:6      | Found a staircase to the Ecumenical Temple.
  5143 | D:6      | Found a sparkling altar of Nemelex Xobeh.
  5144 | D:6      | Found a bloodstained altar of Trog.
  5507 | D:7      | Noticed Dowan
  5509 | D:7      | Noticed Duvessa
  5516 | D:7      | Killed Duvessa
  5523 | D:7      | Killed Dowan
  5580 | D:7      | Reached skill level 10 in Maces & Flails
  5696 | D:7      | Reached skill level 10 in Fighting
  6292 | D:8      | Reached skill level 10 in Armour
  6367 | D:8      | Reached ***** piety under Trog
  6367 | D:8      | Reached XP level 10. HP: 52/94 MP: 9/9
  6614 | D:8      | Noticed a three-headed hydra
  6622 | D:8      | Killed a three-headed hydra
  6622 | D:8      | Reached skill level 11 in Fighting
  6719 | D:8      | Found a white marble altar of Elyvilon.
  7240 | D:8      | Found a glowing golden altar of the Shining One.
  8417 | D:9      | Reached skill level 12 in Maces & Flails
  8480 | D:10     | Entered Level 10 of the Dungeon
  8610 | D:10     | Noticed a hill giant
  8614 | D:10     | Killed a hill giant
  8646 | D:10     | Noticed riffraff's ghost (novice MiBe)
  8647 | D:10     | Noticed a hill giant
  8683 | D:10     | Killed riffraff's ghost
  8683 | D:10     | Reached XP level 11. HP: 104/104 MP: 10/10
  8723 | D:10     | Killed a hill giant
  8755 | D:10     | Found a staircase to the Lair.
  8828 | D:10     | HP: 3/104 [yaktaur/bolt (16)]
  9795 | Lair:1   | Entered Level 1 of the Lair of Beasts
 10499 | Lair:1   | Reached skill level 13 in Maces & Flails
 10664 | Lair:2   | Received a gift from Trog
 11505 | Lair:2   | Noticed a queen ant
 11525 | Lair:2   | Killed a queen ant
 12412 | Lair:3   | Reached XP level 12. HP: 104/115 MP: 11/11
 12882 | Lair:3   | Reached skill level 14 in Maces & Flails
 13047 | Lair:4   | Reached ****** piety under Trog
 13099 | Lair:4   | Received a gift from Trog
 13328 | Lair:4   | Found a dark tunnel.
 13333 | Volcano  | Entered a volcano
 13664 | Volcano  | Found a bloodstained altar of Trog.
 14902 | Lair:4   | Reached skill level 15 in Fighting
 15135 | Lair:5   | Found a staircase to the Snake Pit.
 15141 | Lair:5   | Reached skill level 15 in Armour
 15153 | Lair:5   | Reached XP level 13. HP: 97/127 MP: 12/12
 15359 | Lair:5   | Found a staircase to the Shoals.
 15401 | Lair:5   | Received a gift from Trog
 16504 | Lair:6   | Noticed Rupert
 16508 | Lair:6   | Paralysed by Rupert for 2 turns
 16518 | Lair:6   | Killed Rupert
 16540 | Lair:6   | Reached skill level 15 in Maces & Flails
 16765 | Lair:6   | Found a staircase to the Slime Pits.
 16766 | Lair:6   | Found a viscous altar of Jiyva.
 17463 | Lair:7   | Reached skill level 16 in Fighting
 17835 | Lair:7   | Received a gift from Trog
 18875 | D:11     | Noticed Grim's ghost (novice DsBe)
 18896 | D:11     | Killed Grim's ghost
 19876 | D:12     | Noticed Fannar
 19906 | D:12     | Killed Fannar
 20004 | D:12     | Reached XP level 14. HP: 114/138 MP: 13/13
 20094 | D:12     | Found a blossoming altar of Fedhas.
 20179 | D:12     | Found a staircase to the Orcish Mines.
 20181 | D:12     | Received a gift from Trog
 20703 | D:12     | Noticed Erolcha
 20720 | D:12     | Killed Erolcha
 20960 | Orc:1    | Entered Level 1 of the Orcish Mines
 21164 | Orc:2    | Received a gift from Trog
 21177 | Orc:2    | Reached skill level 17 in Fighting
 21909 | Orc:2    | Found Weheuppyrgh's Distillery.
 21909 | Orc:2    | Noticed an orc warlord
 21922 | Orc:2    | Killed an orc warlord
 21926 | Orc:2    | Received a gift from Trog
 21931 | Orc:2    | Found Saolum's Weapon Emporium.
 21933 | Orc:2    | Found Ahen's Gadget Shop.
 22097 | Orc:2    | Bought a potion of lignification for 51 gold pieces
 22160 | Orc:2    | Found Jogy's General Store.
 22490 | Orc:2    | Found Ytium's Antique Weapon Boutique.
 22598 | Orc:4    | Entered Level 4 of the Orcish Mines
 22639 | Orc:4    | Found a staircase to the Elven Halls.
 22666 | Orc:4    | Noticed Sonja
 22716 | Orc:4    | Killed Sonja
 22805 | Orc:4    | Found Solaiwna's Food Emporium.
 23673 | Orc:3    | Received a gift from Trog
 24769 | Orc:4    | HP: 2/140 [soul eater[an orc high priest] (14)]
 24770 | Orc:4    | Slain by a soul eater

Action                   |  1- 3 |  4- 6 |  7- 9 | 10-12 | 13-15 || total
-------------------------+-------+-------+-------+-------+-------++-------
Melee: Mace              |    60 |   209 |   173 |       |       ||   442
       Dire flail        |       |       |   193 |   925 |  1107 ||  2225
Throw: Javelin           |       |       |       |     6 |       ||     6
Invok: Berserk           |       |     2 |     1 |     4 |     2 ||     9
       Trog's Hand       |       |       |       |     4 |     2 ||     6
       Brothers in Arms  |       |       |       |     1 |     3 ||     4
Evoke: Wand              |       |       |       |     2 |     3 ||     5
  Use: Scroll            |       |       |     9 |    18 |     5 ||    32
       Potion            |       |       |       |     5 |     1 ||     6
 Stab: Distracted        |       |       |       |       |     1 ||     1
  Eat: Chunk             |       |     6 |    14 |    57 |    21 ||    98
       Fruit             |       |     1 |       |       |       ||     1
       Pizza             |       |       |     2 |     1 |     3 ||     6
